 Dungeon Crawl Stone Soup version 0.29.1-2-gbd0b4ee654 (webtiles) character file.

Game seed: 4104701448161665631

457 qeuew the Chopper (level 7, -4/54 HPs)
             Began as a Formicid Fighter on Nov 3, 2022.
             Succumbed to Duvessa's poison
             ... on level 4 of the Dungeon.
             The game lasted 00:07:22 (4470 turns).

qeuew the Chopper (Formicid Fighter)                Turns: 4470, Time: 00:07:22

Health: -4/54      AC:  8    Str: 28      XL:     7   Next: 27%
Magic:  7/7        EV: 10    Int:  7 (8)  God:
Gold:   218        SH:  6    Dex: 19      Spells: 6/6 levels left

rFire   . . .      SeeInvis +   a - +0 war axe
rCold   . . .      Faith    .   c - +0 buckler
rNeg    . . .      Spirit   .   b - +0 scale mail
rPois   .          Reflect  .   (helmet unavailable)
rElec   .          Harm     .   (no cloak)
rCorr   .          Rampage  .   j - +0 pair of gloves
Will    .....                   (no boots)
Stlth   ..........              (no amulet)
HPRegen 0.18/turn               i - +6 ring of strength
MPRegen 0.10/turn               h - +6 ring of dexterity

@: lethally poisoned (-4 -> -32)
A: permanent stasis, dig shafts and tunnels, antennae 3, four strong arms
a: Dig, Shaft Self


You were on level 4 of the Dungeon.
You visited 1 branch of the dungeon, and saw 4 of its levels.

You collected 218 gold pieces.

Inventory:

Hand Weapons
 a - a +0 war axe (weapon)
Armour
 b - a +0 scale mail (worn)
 c - a +0 buckler (worn)
 j - a +0 pair of gloves (worn)
Jewellery
 h - a +6 ring of dexterity (right hand)
 i - a +6 ring of strength (left hand)
Wands
 l - a wand of iceblast (9)
 n - a wand of paralysis (7)
Scrolls
 k - a scroll of identify
Potions
 d - a potion of might
 e - a potion of curing
 f - a potion of haste
 g - a potion of resistance
 m - a potion of brilliance


   Skills:
 + Level 4.1 Fighting
 * Level 5.8 Axes
 + Level 4.5 Armour
 + Level 1.0 Dodging
 + Level 4.8 Shields


You had 6 spell levels left.
You didn't know any spells.
Your spell library was empty.

Dungeon Overview and Level Annotations

Branches:
Dungeon (4/15)
 Temple: D:4-7

Altars:
Kikubaaqudgha
Nemelex Xobeh
Uskayaw
Vehumet
Xom

Shops:
D:3 =

Annotations:
D:4 Duvessa


Innate Abilities, Weirdness & Mutations

You cannot be hasted, slowed, berserked, paralysed or teleported.
You can dig through walls and to a lower floor.
You have a pair of large antennae on your head. (SInv)
Your four strong arms can wield two-handed weapons with a shield.


Message History

You hear a distant scream of rage.
Your Dodging skill increases to level 1!
A giant cockroach comes into view.
Items here: ! ) / [ †.
You closely miss the giant cockroach.
The giant cockroach bites you but does no damage.
You closely miss the giant cockroach.
The giant cockroach bites you but does no damage.
The giant cockroach closely misses you.
You slash the giant cockroach!
You kill the giant cockroach!
There is an open door here.
Duvessa shouts!
Duvessa goes berserk!
You hit Duvessa.
Duvessa is lightly wounded.
You block Duvessa's attack. x2
You hit Duvessa.
Duvessa is lightly wounded.
Duvessa hits you with a +6 rapier of venom!
You are poisoned.
Duvessa hits you with a +6 rapier of venom!!
* * * LOW HITPOINT WARNING * * *
You are more poisoned.
Okay, then.
Non-targeted abil: Dig
Press: ? - help, Q - select action, (/) - cycle Dir - look around, f - activate You extend your mandibles.
Unknown command.
Non-targeted abil: Dig
Press: ? - help, Q - select action, (/) - cycle Dir - look around, f - activate You retract your mandibles.
Unknown command.
Okay, then.
Are you sure you want to shaft yourself?
* * * LOW HITPOINT WARNING * * *
You feel extremely sick. You block Duvessa's attack.
You begin to dig a shaft.
You continue digging a shaft.
You die...

#.....# #.....#
#######.....#####
................#
........#.#.....#
................#
........#.#.....######
#.....####.....#..
#@.#.....'.....#..
#e.#.....#.....#..
....#.....#.....#..
##.#####+###.....#..
#.........).....#..
#..........###+##..
#..........'.......
#..........#...##..
##..........######..


You could see Duvessa (berserk).

Vanquished Creatures
  Sigmund (D:3)
  A centaur (D:3)
  Dowan (D:4)
  A hound (D:4)
  3 gnolls
  3 dart slugs
  3 orcs (D:3)
  4 ball pythons
  4 bats
  10 endoplasms
  7 giant cockroaches
  12 goblins
  9 hobgoblins
  4 jackals (D:3)
  13 kobolds
  5 quokkas
  6 frilled lizards
  8 rats
95 creatures vanquished.

Vanquished Creatures (others)
  6 plants
  A withered plant (D:3)
7 creatures vanquished.

Grand Total: 102 creatures vanquished

Notes
Turn   | Place    | Note
-------+----------+-------------------------------------------
     0 | D:1      | qeuew the Formicid Fighter began the quest for the Orb.
     0 | D:1      | Reached XP level 1. HP: 18/18 MP: 1/1
    27 | D:1      | Reached XP level 2. HP: 18/24 MP: 2/2
   386 | D:1      | Reached XP level 3. HP: 25/29 MP: 3/3
   695 | D:1      | Reached skill level 3 in Axes
   963 | D:2      | Reached XP level 4. HP: 30/35 MP: 4/4
  2428 | D:3      | Reached XP level 5. HP: 21/41 MP: 5/5
  2442 | D:2      | Reached skill level 4 in Axes
  2762 | D:3      | Noticed Sigmund
  2765 | D:3      | Found an ancient bone altar of Kikubaaqudgha.
  2779 | D:3      | Killed Sigmund
  2780 | D:3      | Reached skill level 5 in Axes
  2780 | D:3      | Reached XP level 6. HP: 11/48 MP: 6/6
  3088 | D:3      | Found a sparkling altar of Nemelex Xobeh.
  3239 | D:3      | Found Haileig's Jewellery Shoppe.
  3306 | D:3      | Found a faded altar of an unknown god.
  3344 | D:3      | Reached XP level 7. HP: 27/54 MP: 7/7
  3565 | D:3      | Found a shimmering altar of Xom.
  3568 | D:3      | Found a hide-covered altar of Uskayaw.
  3568 | D:3      | Found a radiant altar of Vehumet.
  3570 | D:3      | Found a shimmering altar of Xom.
  3570 | D:3      | Found an ancient bone altar of Kikubaaqudgha.
  3570 | D:3      | Found a burning altar of Makhleb.
  4426 | D:4      | Noticed Dowan
  4426 | D:4      | Noticed Duvessa
  4446 | D:4      | Killed Dowan
  4447 | D:4      | Reached skill level 1 in Dodging
  4469 | D:4      | HP: 2/54 [poisoned by Duvessa]
  4470 | D:4      | Succumbed to Duvessa's poison

Illustrated notes

Levels and vault maps discovered:
D:1:      shiori_arrival_maze, layout_rooms, serial_bayou_pond_b, minmay_tall_x
D:2:      layout_basic, dk_vineyard_1, lexackson_kobold_supper
D:3:      layout_basic, kiku_gazebo_garden_becter,
          mainiacjoe_overflow_surrounded_room, doesnt_xom_only_xom,
          ebering_ecumenical_altar_rust, serial_shops,
          nicolae_shop_window_shopping, uniq_sigmund
D:4:      layout_gridville, general_overflow_altar, serial_glass,
          glass_columns_c, glass_columns_a, minmay_misc_feat_tiny, uniq_duvessa

Skill      XL: |  1  2  3  4  5  6  7 |
---------------+----------------------+-----
Axes           | 3 5 |  5.8
Armour         | 4 |  4.5
Fighting       | 4 |  4.1
Dodging        | 1 |  1.0
Shields        | |  4.8

Action                   |  1- 3 |  4- 6 |  7- 9 || total
-------------------------+-------+-------+-------++-------
Melee: War axe           |    99 |   124 |    36 ||   259
 Abil: Dig               |       |       |     2 ||     2
       Shaft Self        |       |       |     1 ||     1
  Use: Scroll            |     3 |     1 |     2 ||     6
       Potion            |     2 |     5 |     2 ||     9
Armor: Scale mail        |    54 |    45 |     7 ||   106
Dodge: Dodged            |    53 |    57 |    17 ||   127
Block: Buckler           |    32 |    35 |    14 ||    81
